 Dungeon Crawl Stone Soup version 0.28-a0-863-g8cecda6153 (webtiles) character file.

Game seed: 16144747957658855562

77 Sabo the Shield-Bearer (level 4, -1/37 HPs)
             Began as a Formicid Fighter on Nov 17, 2021.
             Was a Plaything of Xom.
             Killed by divine providence
             ... invoked by an orc priest
              (9 damage)
             ... on level 3 of the Dungeon.
             The game lasted 00:13:53 (2094 turns).

Sabo the Shield-Bearer (Formicid Fighter)           Turns: 2094, Time: 00:13:56

Health: -1/37      AC: 10    Str: 22    XL:     4   Next: 60%
Magic:  4/4        EV:  9    Int:  9    God:    Xom [......]
Gold:   122        SH:  9    Dex: 10    Spells: 3/3 levels left

rFire   . . .      SeeInvis +   a - +0 war axe
rCold   . . .      Faith    .   c - +0 buckler
rNeg    . . .      Spirit   .   b - +0 scale mail
rPois   .          Reflect  +   (helmet unavailable)
rElec   .          Harm     .   f - +0 cloak
rCorr   .          Rampage  .   o - +1 pair of gloves
Will    .....                   (no boots)
Stlth   ..........              l - amulet of reflection
HPRegen 0.12/turn               (no ring)
MPRegen 0.09/turn               (no ring)

@: no status effects
A: permanent stasis, dig shafts and tunnels, antennae 3, four strong arms,
clever 1
a: Dig, Shaft Self, Renounce Religion


You were on level 3 of the Dungeon.
You worshipped Xom.
You were a very special plaything of Xom.
You visited 1 branch of the dungeon, and saw 3 of its levels.

You collected 122 gold pieces.

Inventory:

Hand Weapons
 a - a +0 war axe (weapon)
 j - a +0 hunting sling
Missiles
 e - 8 poisoned darts (quivered)
 g - 17 bolts
 h - 2 datura-tipped darts
 i - 45 arrows
Armour
 b - a +0 scale mail (worn)
 c - a +0 buckler (worn)
 f - a +0 cloak (worn)
 k - a +0 plate armour
 o - a +1 pair of gloves (worn)
Jewellery
 l - an amulet of reflection (around neck)
Scrolls
 m - a scroll of amnesia {unknown}
 r - a scroll of silence
Potions
 d - a potion of might
 n - 2 potions of heal wounds {unknown}
 q - a potion of mutation {unknown}
 s - 2 potions of curing


   Skills:
 + Level 3.9 Fighting
 + Level 3.0 Axes
 + Level 3.9 Armour
 + Level 4.3 Shields


You had 3 spell levels left.
You didn't know any spells.
Your spell library contained the following spells:

 Spells                   Type           Power      Damage    Failure   Level
 Slow                     Hex            0%         N/A       71%         1
 Confusing Touch          Hex            0%         N/A       97%         3
 Portal Projectile        Hex/Tloc       0%         N/A       97%         3
 Vampiric Draining        Necr           0%         2d6       97%         3
 Blade Hands              Tmut           0%         N/A       100%        5
 Excruciating Wounds      Necr           0%         N/A       100%        5


Dungeon Overview and Level Annotations

Branches:
Dungeon (3/15)

Altars:
Xom

Shops:
D:1 *


Innate Abilities, Weirdness & Mutations

You cannot be hasted, slowed, berserked, paralysed or teleported.
You can dig through walls and to a lower floor.
You have a pair of large antennae on your head. (SInv)
Your four strong arms can wield two-handed weapons with a shield.
Your mind is acute. (Int +2)


Message History

Beogh smites you!
An orc comes into view. It is wielding a +0 hand axe.
A dart slug comes into view.
A dart slug comes into view.
The orc shouts!
You closely miss the orc. The orc hits you with a +0 short sword.
A giant cockroach comes into view.
The orc hits you with a +0 club.
You hit the orc.
You kill the orc!
You closely miss the orc. You barely miss the orc priest.
The giant cockroach waves its antennae.
The orc hits you but does no damage. You block the orc priest's attack.
You hit the orc.
The orc is heavily wounded.
You closely miss the orc. You hit the orc priest.
The orc hits you with a +0 short sword. You block the orc's attack.
You block the orc priest's attack.
You hit the orc but do no damage.
The orc is heavily wounded.
You barely miss the orc priest. You barely miss the orc.
The orc hits you but does no damage. You block the orc's attack.
You block the orc priest's attack. The orc hits you with a +0 short sword.
* * * LOW HITPOINT WARNING * * *
The orc hits you but does no damage.
The orc priest hits you but does no damage.
You closely miss the orc priest.
The orc priest is lightly wounded.
You slash the orc!
You kill the orc!
You hit the dart slug. You slash the dart slug! You closely miss the orc.
You hear the slow rusting of a drain very nearby.
A quokka comes into view.
The dart slug barely misses you. You block the dart slug's attack.
The orc hits you with a +0 short sword.
* * * LOW HITPOINT WARNING * * *
The orc priest invokes the aid of Beogh against you.
Beogh smites you!
You die...
Xom snickers!

,,,,,,,* *****,,≈≈≈≈∩≈{≈≈,,****
,,>,,,,*** #..>..r≈≈≈≈≈≈≈≈≈,,,,,,
,,,,,,,,,**#..##.###**###*###****
,,,,,,,*,,,,.....##.* #.###.#####
,,,,,,,***,,##...##.###.##.......
***,,**,,,,*#....##..#..##.......
,,,,,,,,,,***,#.B###.............
,,,,,,,,,.###.#oow.##.####.......
,,,,,,,,,......)@................
,,,,,,,,,......w......##.#.......
,,,,,,,,,..##...#.###............
,,,,,,,,,,.....##......###.......
*******,,,##............##.......
***** ***,*#...###.........[..##.
,,,,* *,,#..** #...............
,,,,******,#.#* #..............<
,,,,,,,,,*,,,*#**##^.....#.......


You could see an orc priest, 2 dart slugs, an orc, a quokka (wandering) and a
giant cockroach.

Vanquished Creatures
  2 adders
  3 worms (D:2)
  2 dart slugs
  2 orcs (D:3)
  4 endoplasms
  2 giant cockroaches (D:3)
  3 goblins
  3 hobgoblins
  3 jackals (D:3)
  7 kobolds
  A quokka (D:2)
  9 ball pythons
  2 bats
  2 frilled lizards (D:1)
  A rat (D:2)
46 creatures vanquished.

Notes
Turn   | Place    | Note
-------+----------+-------------------------------------------
     0 | D:1      | Sabo the Formicid Fighter began the quest for the Orb.
     0 | D:1      | Reached XP level 1. HP: 18/18 MP: 1/1
   497 | D:1      | Reached XP level 2. HP: 24/24 MP: 2/2
   579 | D:1      | Found a faded altar of an unknown god.
   582 | D:1      | Prayed at the altar of an unknown god.
   582 | D:1      | Became a worshipper of Xom the Begetter of Turbulence
   680 | D:1      | Found Holenk's General Store.
   809 | D:1      | Reached skill level 4 in Shields
   841 | D:1      | XOM: silly message
   919 | D:1      | XOM: scenery: summon butterflies
   962 | D:1      | XOM: god gift: plate armour {god gift}
  1140 | D:2      | Reached XP level 3. HP: 28/29 MP: 3/3
  1633 | D:2      | XOM: god gift: dagger {god gift}
  1669 | D:2      | Reached XP level 4. HP: 37/37 MP: 4/4
  1713 | D:2      | XOM: give mutations
  1713 | D:2      | Gained mutation: Your mind is acute. (Int +2) [Xom's grace]
  1713 | D:2      | Gained mutation: You possess an exceptional clarity of
                  | mind. [Xom's grace]
  1917 | D:2      | XOM: scenery: create altars
  1997 | D:3      | XOM: chaos cloud
  2065 | D:3      | XOM: give mutation
  2065 | D:3      | Lost mutation: You possess an exceptional clarity of mind.
                  | [Xom's mischief]
  2094 | D:3      | Killed from afar by an orc priest

Illustrated notes

Levels and vault maps discovered:
D:1:      erik_arrival_triangle_small, layout_loops_cross, serial_shops,
          nicolae_shop_statue_plus, shapermc_ecumenical_altar_mp_urbaneastern
D:2:      layout_basic, chequers_serial_rivers_small_3, minmay_joined_circles
D:3:      layout_rooms, portal_sewer_entry_f

Skill      XL: |  1  2  3  4 |
---------------+-------------+-----
Shields        | 4 |  4.3
Axes           | 3 |  3.0
Fighting       | |  3.9
Armour         | |  3.9

Action                   |  1- 3 |  4- 6 || total
-------------------------+-------+-------++-------
Melee: War axe           |    86 |    34 ||   120
       Unarmed           |       |     5 ||     5
 Abil: Dig               |     5 |       ||     5
  Use: Scroll            |       |     6 ||     6
       Potion            |       |     1 ||     1
 Stab: Paralysed         |       |     1 ||     1
Armor: Scale mail        |    27 |    19 ||    46
Dodge: Dodged            |    33 |    21 ||    54
Block: Buckler           |    32 |    29 ||    61
       Other             |       |     3 ||     3
       Reflection        |       |     1 ||     1

Table legend: (Time is in decaauts)
 A = Elapsed time spent in this place.
 B = Non-inter-level travel time spent in this place.
 C = Inter-level travel time spent in this place.
 D = Time resting spent in this place.
 E = Time spent auto-exploring this place.
 F = Levels seen in this place.
 G = Mean time per level.
                   A        B        C        D        E       F      G
               +--------+--------+--------+--------+--------+-----+--------+
         Total |   2149 |   2149 |      0 |    273 |      0 |   3 |  716.3 |
       Dungeon |   2149 |   2149 |      0 |    273 |      0 |   3 |  716.3 |
               +--------+--------+--------+--------+--------+-----+--------+

Top non-repeatable levels by time:
     D:1: 1007 daAuts
     D:2: 991 daAuts
     D:3: 149 daAuts
